Cogmind - Beta 11 --- EXPLORER MODE // 2022.04.07 @ 18:12:40 Player: viper Result: Destroyed by G-73 Enforcer with Heavy Laser Performance ------------- Evolutions (8) 4000 Regions Visited (13) 2600 Robots Destroyed (309) 1545 Value Destroyed (14494) 14494 Prototype IDs (31) 620 Alien Tech Used (0) 0 Bonus (1557) 1557 TOTAL SCORE: 24816 Bonus ------- High Alert Combat Kills 451 Follower Combat Kills 106 Entered DSFs 500 Scanned by Researcher 500 Cogmind --------- Core Integrity 0/1450 Matter 300/300 Energy 100/100 System Corruption 43% Temperature Cool (0) Movement Core (50) Location -2/Testing Parts ------- > --- POWER (4) -------- (None) > --- PROPULSION (6) --- (None) > --- UTILITY (10) ----- (None) > --- WEAPON (4) ------- (None) > --- INVENTORY (5) ---- Improved Titanium Leg Peak State ------------ > --- POWER ------------ Reinforced Antimatter Reactor Heavy Antimatter Reactor Micro Antimatter Reactor Micro Antimatter Reactor > --- PROPULSION ------- Armored Heavy Treads Enhanced Armored Heavy Treads Enhanced Armored Heavy Treads > --- UTILITY ---------- Advanced Power Amplifier Advanced Coolant Injector High-capacity Storage Unit Experimental Energy Well Large Matter Pod Quantum Shading Machine Advanced Terrain Scanner Weapon Cycler Centrium Light Armor Plating Improved System Shield > --- WEAPON ----------- Hypervelocity Railgun Perforator Plasma Lance > --- INVENTORY -------- Light Quantum Reactor Advanced Heavy Siege Treads Improved Titanium Leg Improved Titanium Leg Improved Titanium Leg Advanced Myomer Leg Advanced Coolant Injector Experimental Reaction Control System Advanced Shield Generator Advanced Force Field Compact HERF Cannon Enhanced Nova Cannon Improved KE Penetrator Railgun Hardcell Cannon Hardcell Cannon Compact Linear Accelerator Improved Datajack Segregator [Rating: 200] Favorites ----------- Power Light Nuclear Core Engine Ion Engine Power Core Light Nuclear Core Reactor Micro Antimatter Reactor Propulsion Airjet Treads Advanced Treads Leg Aluminum Leg Hover Unit Airjet Utility High-capacity Storage Unit Device Weapon Cycler Storage High-capacity Storage Unit Processor Improved Terrain Scan Processor Hackware Advanced System Shield Protection Utility Shielding Weapon Advanced Assault Cannon Energy Gun EM Pulse Gun Energy Cannon Enhanced Nova Cannon Ballistic Gun Hypervelocity Gauss Rifle Ballistic Cannon Advanced Assault Cannon Slashing Weapon Chainsword Piercing Weapon Plasma Lance Special Melee Weapon Improved Datajack Build | -11 -10 -10 -9 -9 -8 -7 -6 -6 -5 -4 -3 -2 -2 ------- Run | Scr Mat Min Mat Min Mat Fac Fac DSF Fac Fac Res Res Tes Slots Evolved 17 | . 1 . 2 . 2 2 2 . 2 2 2 2 . Power 3 | . 1 . . . . . . . . . . 2 . Propulsion 4 | . . . 2 . . . . . . 2 . . . Utility 8 | . . . . . 2 2 2 . . . 2 . . Weapon 2 | . . . . . . . . . 2 . . . . Parts Attached 217 | 7 7 . 2 . 42 37 7 6 6 31 15 21 36 Power 36 | 1 2 . . . 7 6 2 1 . 6 3 4 4 Engine 9 | 1 2 . . . 4 1 1 . . . . . . Core 16 | . . . . . 3 5 1 1 . 5 . 1 . Reactor 11 | . . . . . . . . . . 1 3 3 4 Propulsion 67 | 2 1 . 2 . 19 17 1 . 2 7 6 4 6 Treads 29 | . . . . . . 4 1 . 2 7 5 4 6 Leg 17 | 2 1 . 2 . 7 4 . . . . 1 . . Wheel . | . . . . . . . . . . . . . . Hover 21 | . . . . . 12 9 . . . . . . . Flight . | . . . . . . . . . . . . . . Utility 54 | 2 1 . . . 5 10 3 1 2 8 3 6 13 Device 28 | . . . . . . 5 2 1 1 4 2 4 9 Storage 7 | 1 1 . . . . 1 1 . . . . . 3 Processor 5 | . . . . . . 2 . . . 2 . 1 . Hackware 2 | . . . . . . . . . . 1 . 1 . Protection 12 | 1 . . . . 5 2 . . 1 1 1 . 1 Artifact . | . . . . . . . . . . . . . . Weapon 60 | 2 3 . . . 11 4 1 4 2 10 3 7 13 Energy Gun 2 | 2 . . . . . . . . . . . . . Energy Cannon 2 | . . . . . . . . . . . . . 2 Ballistic Gun 21 | . . . . . 8 2 1 2 . . 2 4 2 Ballistic Cannon 26 | . 3 . . . 2 2 . 2 2 6 1 3 5 Launcher . | . . . . . . . . . . . . . . Special Weapon . | . . . . . . . . . . . . . . Impact Weapon . | . . . . . . . . . . . . . . Slashing Weapon 5 | . . . . . . . . . . 3 . . 2 Piercing Weapon 2 | . . . . . . . . . . . . . 2 Special Melee Weapon 2 | . . . . . 1 . . . . 1 . . . Unidentified Prototypes 16 | . . . . . 1 1 . . 1 . 3 2 8 Parts Lost 84 | . . . . . 10 12 . 1 . 11 4 10 36 Power 15 | . . . . . 1 3 . . . 1 . 2 8 Propulsion 19 | . . . . . 6 3 . . . 2 2 2 4 Utility 26 | . . . . . 1 4 . 1 . 2 . 3 15 Weapon 24 | . . . . . 2 2 . . . 6 2 3 9 Highest Loss Streak 21 | . . . . . 2 3 . 1 . 4 3 9 21 To Critical Strikes 6 | . . . . . . . . . . 1 . . 5 Average Slot Usage (%) 94 | . 99 100 100 100 97 98 99 98 93 87 92 83 75 Engine 5 | . 25 25 20 20 7 2 3 6 5 1 . . . Core 6 | . . . . . 7 11 8 6 5 7 . 1 . Reactor 2 | . . . . . . . . . . 1 8 13 13 Treads 7 | . . . . . . 4 24 25 15 19 19 13 11 Leg 6 | . 25 25 40 40 5 4 . . . . . . . Hover 10 | . . . . . 25 19 . . . . . . . Device 12 | . . . . . . 13 25 23 21 19 22 23 20 Storage 8 | . 12 12 10 10 8 7 12 12 11 10 9 8 10 Processor 3 | . . . . . . 7 6 6 5 5 4 2 . Protection 11 | . 12 12 10 10 24 14 6 6 5 3 4 1 1 Ballistic Gun 3 | . . . . . 11 . 12 11 . . 6 8 6 Ballistic Cannon 12 | . 22 25 20 20 3 13 . . 22 16 9 7 3 Naked Turns 38 | . . . . . . . . . . . . . 38 Heaviest Build 151 | 18 55 55 55 55 66 73 82 84 93 93 115 149 151 Greatest Support 260 | 20 20 20 40 40 80 88 88 88 140 202 212 230 260 Greatest Overweight (x) 8 | 3 2 2 1 1 6 8 1 . 1 . . 1 8 Average Overweight (x) . | . 1 2 1 1 1 1 . . . . . . . Largest Inventory Capacity 20 | 10 20 20 20 20 20 20 20 20 20 20 20 20 20 Average Capacity 18 | 9 10 20 20 20 20 20 20 20 20 20 20 20 19 Most Carried 20 | 5 10 10 11 11 20 20 19 20 20 20 20 20 20 Average Carried 16 | 2 8 10 8 11 18 18 17 19 19 17 15 15 17 Final Capacity 20 | 10 20 20 20 20 20 20 20 20 20 20 20 20 5 Final Carried 20 | 5 10 10 11 11 19 18 19 20 20 11 18 20 1 Class Distribution -------------------- 73% | Hacker-Mutant 11% | Hacker-Gunner 6% | Hacker-Tank 3% | Generator-Skirmisher Dominant Class ---------------- Hacker-Mutant | -10/Materials Hacker-Mutant | -10/Mines Hacker-Mutant | -9/Materials Hacker-Mutant | -9/Mines Hacker-Mutant | -8/Materials Hacker-Mutant | -7/Factory Hacker-Mutant | -6/Factory Hacker-Mutant | -6/DSF Hacker-Tank | -5/Factory Hacker-Mutant | -4/Factory Hacker-Gunner | -3/Research Hacker-Gunner | -2/Research Generator-Mutant | -2/Testing Resources | -11 -10 -10 -9 -9 -8 -7 -6 -6 -5 -4 -3 -2 -2 ----------- Run | Scr Mat Min Mat Min Mat Fac Fac DSF Fac Fac Res Res Tes Matter Collected 12434 | 216 216 . 542 . 1367 2391 20 495 53 2528 1340 1230 2036 Remotely . | . . . . . . . . . . . . . . Salvage Created 14415 | . 242 . 492 . 1961 2017 . 773 . 2216 1821 1595 3298 Parts 649 | . 18 . 31 . 100 106 . 46 . 97 74 59 118 Haulers Intercepted 9 | . 1 . . . 4 2 . . . 1 . . 1 Recyclers Shooed 9 | . . . 1 . . 5 . . . . 2 1 . Parts Field Recycled . | . . . . . . . . . . . . . . Retrieved Matter . | . . . . . . . . . . . . . . Parts Self-Destructed . | . . . . . . . . . . . . . . Prevented . | . . . . . . . . . . . . . . Kills | -11 -10 -10 -9 -9 -8 -7 -6 -6 -5 -4 -3 -2 -2 ------- Run | Scr Mat Min Mat Min Mat Fac Fac DSF Fac Fac Res Res Tes Combat Hostiles Destroyed 233 | . 6 . 12 . 36 47 . 11 . 35 26 22 38 Melee 15 | . . . . . . . . . . 10 . . 5 Guns 63 | . . . . . 23 1 . 11 . . 10 9 9 Cannons 153 | . 6 . 12 . 13 44 . . . 25 16 13 24 AOE 2 | . . . . . . 2 . . . . . . . Classes Destroyed 19 | . 5 . 1 . 3 3 . 2 . 1 1 1 2 Worker 18 | . . . . . 1 2 . . . 11 1 3 . Builder 9 | . . . . . . 4 . . . 3 1 1 . Tunneler 2 | . . . . . . . . . . 2 . . . Hauler 9 | . 1 . . . 4 2 . . . 1 . . 1 Recycler 20 | . 1 . 3 . 2 7 . . . 4 1 . 2 Operator 7 | . . . . . 3 1 . . . 1 1 . 1 Watcher 17 | . 2 . 3 . 5 5 . . . 1 . 1 . Swarmer 16 | . 4 . 6 . 6 . . . . . . . . Cutter 2 | . . . . . . . . 2 . . . . . Grunt 112 | . 2 . 2 . 19 27 . 5 . 15 16 8 18 Brawler 8 | . . . . . . 3 . 1 . 1 . 2 1 Duelist 2 | . . . . . . . . . . . . 1 1 Protector 2 | . . . . . . . . . . . 1 . 1 Researcher 1 | . . . . . . . . . . . . . 1 Sentry 27 | . . . 4 . 10 5 . . . 4 1 3 . Hunter 31 | . . . . . 1 3 . 2 . 6 6 4 9 Programmer 30 | . . . . . . 9 . . . 9 2 4 6 Heavy 1 | . . . . . . . . 1 . . . . . Striker 2 | . . . . . . . . . . . . . 2 Best Kill Streak 15 | . 3 . 6 . 7 5 . 4 . 7 10 10 15 Combat Bots Only 15 | . 2 . 4 . 5 3 . 4 . 3 10 10 15 Max Kills in Single Turn 4 | . 1 . 2 . 2 4 . 1 . 2 2 2 4 Gunslinging 1 | . . . . . 1 . . . . . . . . Exploded 2 | . . . . . . 2 . . . . . . . Melee 1 | . . . . . . . . . . 1 . . 1 Uniques/NPCs Destroyed . | . . . . . . . . . . . . . . Combat | -11 -10 -10 -9 -9 -8 -7 -6 -6 -5 -4 -3 -2 -2 -------- Run | Scr Mat Min Mat Min Mat Fac Fac DSF Fac Fac Res Res Tes Damage Taken 18761 | . 60 . 369 . 1064 2078 . 505 42 3760 1506 2235 7142 Core 2513 | . 12 . 34 . 120 381 . 122 8 250 125 246 1215 Absorbed by Shields 932 | . . . . . . . . 189 16 207 . . 520 Redirected to Shielding 653 | . 3 . 9 . 177 246 . 8 . 51 131 28 . Regen/Repaired (Parts) 133 | . . . . . 42 41 . . . 50 . . . Core Remaining (%) 84 | 100 . 95 . 91 78 45 . 85 99 78 90 . . Volleys Fired 687 | . 17 . 43 . 139 178 . 43 . 82 54 57 74 Largest 4 | . 2 . 2 . 2 2 . 2 . 4 4 4 4 Hottest 256 | . 90 . 70 . 96 96 . 66 . 192 184 196 256 Shots Fired 1702 | . 34 . 86 . 271 350 . 86 . 278 202 186 209 Gun 630 | . 4 . . . 198 16 . 86 . . 92 109 125 Cannon 1072 | . 30 . 86 . 73 334 . . . 278 110 77 84 Launcher . | . . . . . . . . . . . . . . Special . | . . . . . . . . . . . . . . Kinetic 1679 | . 30 . 86 . 271 350 . 86 . 278 202 186 190 Thermal 21 | . 2 . . . . . . . . . . . 19 Explosive . | . . . . . . . . . . . . . . Electromagnetic 2 | . 2 . . . . . . . . . . . . Robot Hit Streak 49 | . 9 . 24 . 26 31 . 23 . 44 49 45 46 Robot Miss Streak 4 | . 2 . 2 . 3 3 . 1 . 3 3 4 4 Penetration Max 3 | . . . . . 1 1 . 2 . . 2 2 3 Secondary Targets 9 | . . . . . 6 . . 1 . . . 2 . Max Gunslinging Chain 1 | . . . . . 1 . . 1 . . . 1 . Shots Hit Robots 1441 | . 24 . 60 . 221 260 . 76 . 297 156 159 188 Core Hits 812 | . 12 . 21 . 91 100 . 37 . 146 171 90 144 Critical Kills 46 | . . . . . 1 . . 9 . . 11 7 18 Critical Parts Destroyed 82 | . . . . . 3 . . 7 . . 26 10 36 Critical Strikes 200 | . . . 3 . 6 15 . 17 . 26 40 24 69 Destroy 144 | . . . . . 4 . . 17 . . 37 19 67 Blast 46 | . . . 3 . 2 15 . . . 17 3 5 1 Sever 9 | . . . . . . . . . . 9 . . . Impale 1 | . . . . . . . . . . . . . 1 Melee Attacks 106 | . . . . . 2 . . . . 71 . . 33 Thermal 7 | . . . . . . . . . . . . . 7 Impact . | . . . . . . . . . . . . . . Slashing 66 | . . . . . . . . . . 66 . . . Piercing 26 | . . . . . . . . . . . . . 26 Sneak Attacks 24 | . . . . . 2 . . . . 22 . . . Combat Hostiles . | . . . . . . . . . . . . . . Follow-up Attacks . | . . . . . . . . . . . . . . Damage Inflicted 35744 | . 388 . 1154 . 3749 7715 . 568 . 8745 3228 4544 5653 Guns 8407 | . 38 . . . 2711 109 . 568 . . 569 2153 2259 Cannons 22348 | . 350 . 1154 . 1038 7121 . . . 5793 2583 2329 1980 Explosions 503 | . . . . . . 413 . . . . . . 90 Melee 4169 | . . . . . . . . . . 2952 . . 1217 Ramming 317 | . . . . . . 72 . . . . 76 62 107 Kinetic 29981 | . 350 . 1154 . 3749 7230 . 568 . 5793 3152 4482 3503 Thermal 1161 | . 12 . . . . 413 . . . . . . 736 Explosive 90 | . . . . . . . . . . . . . 90 Electromagnetic 26 | . 26 . . . . . . . . . . . . Impact . | . . . . . . . . . . . . . . Slashing 2952 | . . . . . . . . . . 2952 . . . Piercing 1217 | . . . . . . . . . . . . . 1217 Highest Corruption 43 | . . . . . 5 . . . . 4 1 6 43 Average Corruption 6 | . . . . . 5 . . . . 3 1 6 10 Corruption Purged . | . . . . . . . . . . . . . . Corruption Blocked 20 | . . . . . . . . . . . . . 20 Effects 88 | . . . . . 8 . . . . 28 . 10 42 Message Errors 19 | . . . . . 5 . . . . 4 . 3 7 Matter Fused 25 | . . . . . . . . . . 7 . 1 17 Heat Flow Errors 13 | . . . . . . . . . . 5 . 2 6 Energy Discharges 12 | . . . . . 2 . . . . 3 . 2 5 Data Loss (minor) 10 | . . . . . 1 . . . . 4 . 1 4 Data Loss (major) 4 | . . . . . . . . . . 4 . . . Alerts 3 | . . . . . . . . . . 1 . 1 1 Weapon Failures 2 | . . . . . . . . . . . . . 2 Overload Shots . | . . . . . . . . . . . . . . Overflow Damage 812 | . . . 21 . 6 227 . . . 401 5 64 88 Projectiles 332 | . . . 21 . 6 159 . . . 40 5 53 48 Explosions 68 | . . . . . . 68 . . . . . . . Melee 412 | . . . . . . . . . . 361 . 11 40 Knockbacks 258 | . 5 . 12 . 8 54 . . . 63 68 27 21 Impact 2 | . . . . . . . . . . . 1 1 . Kinetic 237 | . 5 . 11 . 8 48 . . . 58 63 24 20 Secondary 19 | . . . 1 . . 6 . . . 5 4 2 1 Self-Inflicted Damage 348 | . . . . . . 271 . . . . . . 77 Shots 5 | . . . . . . 4 . . . . . . 1 Rammed 31 | . . . . . . 10 . . . . 10 5 6 Targets Rammed 34 | . . . . . . 10 . . . . 10 7 7 Kicked . | . . . . . . . . . . . . . . Crushed 3 | . . . . . . . . . . . . 2 1 Highest Temperature 485 | . 96 . 151 . 289 485 . 199 . 207 192 224 463 Average Temperature 93 | . 38 . 60 . 67 113 . 137 . 88 79 103 109 Received Heat Transfer 4230 | . 18 . 78 . 672 855 . 90 30 1214 405 360 508 Effects 20 | . . . . . . 6 . . . 1 . . 13 Shutdowns 6 | . . . . . . . . . . . . . 6 Energy Bleed 2 | . . . . . . 1 . . . . . . 1 Interference 7 | . . . . . . 4 . . . 1 . . 2 Short Circuit 2 | . . . . . . . . . . . . . 2 Damage (minor) 2 | . . . . . . 1 . . . . . . 1 Damage (major) 1 | . . . . . . . . . . . . . 1 Siege Activations . | . . . . . . . . . . . . . . Robots Corrupted . | . . . . . . . . . . . . . . Combat Hostiles . | . . . . . . . . . . . . . . Parts Fried . | . . . . . . . . . . . . . . Impact Corruptions 7 | . . . . . . . . . . . . 3 4 Robots Melted . | . . . . . . . . . . . . . . Combat Hostiles . | . . . . . . . . . . . . . . Parts Melted 2 | . . . . . . . . . . . . . 2 Heat Transferred 966 | . 37 . . . . 300 . . . . . . 629 Parts Sabotaged 3 | . . . . . . . . . . . . 3 . Parts Stolen . | . . . . . . . . . . . . . . Parts Stripped . | . . . . . . . . . . . . . . Power Chain Reactions . | . . . . . . . . . . . . . . Missiles Intercepted . | . . . . . . . . . . . . . . Alert | -11 -10 -10 -9 -9 -8 -7 -6 -6 -5 -4 -3 -2 -2 ------- Run | Scr Mat Min Mat Min Mat Fac Fac DSF Fac Fac Res Res Tes Peak Influence 675 | . 113 . 269 73 398 349 72 256 114 296 508 474 675 Initial 106 | . . . . 73 19 9 72 . 99 40 33 106 92 Average 107 | . 10 . 81 73 149 59 67 150 99 114 169 198 315 Maximum Alert Level 2 | . . . 1 . 1 1 . 1 . 1 2 2 2 Low Security (%) 81 | 100 100 100 85 100 71 93 100 60 100 86 57 57 29 Level 1 15 | . . . 14 . 28 6 . 39 . 13 35 38 43 Level 2 2 | . . . . . . . . . . . 6 3 27 Level 3 . | . . . . . . . . . . . . . . Level 4 . | . . . . . . . . . . . . . . Level 5 . | . . . . . . . . . . . . . . High Security . | . . . . . . . . . . . . . . Max Security . | . . . . . . . . . . . . . . Sterilizations 1 | . . . . . . . . 1 . . . . . Squads Dispatched 73 | . 1 . 1 . 8 24 . 2 1 13 5 6 12 Investigation 23 | . 1 . . . 4 8 . . . 6 3 1 . Extermination 18 | . . . . . . 9 . . . 4 1 1 3 Reinforcement 24 | . . . 1 . 3 4 . 2 1 3 . 2 8 Assault 3 | . . . . . . . . . . . 1 1 1 Garrison 5 | . . . . . 1 3 . . . . . 1 . Intercept . | . . . . . . . . . . . . . . Searches Triggered . | . . . . . . . . . . . . . . Construction Impeded 4 | . . . . . . 1 . . . . . 1 2 Haulers Reinforced 1 | . . . . . . . . . . . . . 1 Active Scanning Responses . | . . . . . . . . . . . . . . Cargo Convoy Interrupts . | . . . . . . . . . . . . . . Stealth | -11 -10 -10 -9 -9 -8 -7 -6 -6 -5 -4 -3 -2 -2 --------- Run | Scr Mat Min Mat Min Mat Fac Fac DSF Fac Fac Res Res Tes Distress Signals 12 | . . . 3 . 1 2 . . . 2 2 1 1 Communications Jammed 1 | . . . . . . . . . . . . . 1 Distress Signals 1 | . . . . . . . . . . . . . 1 Times Spotted 345 | . 9 . 23 . 55 63 . 12 3 51 34 32 63 Peak Tracking Total 12 | . 2 . 5 . 6 4 . 4 3 8 5 7 12 Tactical Retreats 17 | . . . . . 3 1 . . . 2 . 3 8 Traps | -11 -10 -10 -9 -9 -8 -7 -6 -6 -5 -4 -3 -2 -2 ------- Run | Scr Mat Min Mat Min Mat Fac Fac DSF Fac Fac Res Res Tes Traps Triggered 15 | . 1 . . . 6 2 1 . . 3 2 . . Indirectly . | . . . . . . . . . . . . . . Trap Hack Attempts . | . . . . . . . . . . . . . . Triggered . | . . . . . . . . . . . . . . Disarmed 12 | . 12 . . . . . . . . . . . . Reprogrammed 6 | . . . . . 6 . . . . . . . . Reused 2 | . . . . . 2 . . . . . . . . Traps Extracted . | . . . . . . . . . . . . . . Installed . | . . . . . . . . . . . . . . Triggered 2 | . . . . . 2 . . . . . . . . Machines | -11 -10 -10 -9 -9 -8 -7 -6 -6 -5 -4 -3 -2 -2 ---------- Run | Scr Mat Min Mat Min Mat Fac Fac DSF Fac Fac Res Res Tes Machines Disabled 23 | . 1 . . . 3 10 . . . 3 . . 6 Max in Single Turn 5 | . 1 . . . 1 5 . . . 1 . . 1 Garrison Access 3 | . . . . . 1 1 . . . . . 1 . Machines Sabotaged . | . . . . . . . . . . . . . . Garrisons Compromised . | . . . . . . . . . . . . . . Overloaded Fab Kills . | . . . . . . . . . . . . . . Hacking | -11 -10 -10 -9 -9 -8 -7 -6 -6 -5 -4 -3 -2 -2 --------- Run | Scr Mat Min Mat Min Mat Fac Fac DSF Fac Fac Res Res Tes Machines Accessed 46 | . 7 . . . 11 12 2 . . 7 3 1 3 Terminals 35 | . 7 . . . 9 9 2 . . 4 1 1 2 Fabricators 2 | . . . . . . 1 . . . . 1 . . Repair Stations 6 | . . . . . 1 1 . . . 3 1 . . Recycling Units . | . . . . . . . . . . . . . . Scanalyzers 1 | . . . . . . . . . . . . . 1 Garrison Access 2 | . . . . . 1 1 . . . . . . . Total Hacks 144 | . 25 . . . 36 30 7 . . 27 8 2 9 Successful 100 | . 18 . . . 30 20 7 . . 16 3 . 6 Failed 44 | . 7 . . . 6 10 . . . 11 5 2 3 Catastrophic 5 | . . . . . . 2 . . . . 1 1 1 Database Lockouts . | . . . . . . . . . . . . . . Manual 11 | . 4 . . . 5 . 1 . . 1 . . . Terminals 111 | . 25 . . . 32 23 7 . . 17 2 2 3 Fabricators 6 | . . . . . . 3 . . . . 3 . . Repair Stations 19 | . . . . . 3 3 . . . 10 3 . . Recycling Units . | . . . . . . . . . . . . . . Scanalyzers 6 | . . . . . . . . . . . . . 6 Garrison Access 2 | . . . . . 1 1 . . . . . . . Terminal Hacks 67 | . 14 . . . 23 14 6 . . 9 . . 1 Record 9 | . . . . . 4 2 3 . . . . . . Part Schematic 3 | . . . . . . 1 . . . 2 . . . Robot Schematic 1 | . . . . . . . . . . 1 . . . Robot Analysis 4 | . . . . . 1 2 . . . 1 . . . Prototype ID Bank 6 | . 2 . . . 3 . . . . 1 . . . Open Door 1 | . . . . . . . . . . . . . 1 Open DSF 4 | . . . . . . 3 1 . . . . . . Branch Access Points 4 | . 1 . . . 1 1 . . . 1 . . . Emergency Access Points 3 | . . . . . 2 . 1 . . . . . . Terminal Index 1 | . 1 . . . . . . . . . . . . Alert Level 2 | . . . . . 2 . . . . . . . . Locate Traps 5 | . 1 . . . 2 1 . . . 1 . . . Disarm Traps 2 | . 2 . . . . . . . . . . . . Reprogram Traps 1 | . . . . . 1 . . . . . . . . Dispatch Records 2 | . . . . . 2 . . . . . . . . Maintenance Status 1 | . 1 . . . . . . . . . . . . Patrol Status 1 | . . . . . 1 . . . . . . . . Investigation Status 1 | . . . . . 1 . . . . . . . . Reinforcement Status 1 | . . . . . . 1 . . . . . . . Hauler Manifests 5 | . 2 . . . 1 1 1 . . . . . . Registered Components 1 | . 1 . . . . . . . . . . . . Zone Layout 9 | . 3 . . . 2 2 . . . 2 . . . Fabricator Hacks 4 | . . . . . . 2 . . . . 2 . . Load Schematic 2 | . . . . . . 1 . . . . 1 . . Build 2 | . . . . . . 1 . . . . 1 . . Repair Station Hacks 13 | . . . . . 3 3 . . . 6 1 . . Scan Component 9 | . . . . . 2 2 . . . 4 1 . . Repair 4 | . . . . . 1 1 . . . 2 . . . Recycling Unit Hacks . | . . . . . . . . . . . . . . Scanalyzer 5 | . . . . . . . . . . . . . 5 Insert Component 2 | . . . . . . . . . . . . . 2 Analyze 3 | . . . . . . . . . . . . . 3 Garrison Access Hacks 2 | . . . . . 1 1 . . . . . . . Seal Access 2 | . . . . . 1 1 . . . . . . . Unauthorized Hacks 9 | . 4 . . . 3 . 1 . . 1 . . . Terminals 9 | . 4 . . . 3 . 1 . . 1 . . . Track 3 | . 2 . . . 1 . . . . . . . . Botnet 6 | . 2 . . . 2 . 1 . . 1 . . . Fabricators . | . . . . . . . . . . . . . . Repair Stations . | . . . . . . . . . . . . . . Recycling Units . | . . . . . . . . . . . . . . Scanalyzers . | . . . . . . . . . . . . . . Garrison Access . | . . . . . . . . . . . . . . Data Cores Recovered 2 | . . . . . 1 . . . . . 1 . . Used 1 | . . . . . 1 . . . . . . . . Hacking Detections 37 | . 6 . . . 10 9 . . . 6 3 1 2 Full Trace Events 26 | . 5 . . . 4 7 . . . 6 3 1 . Feedback Events 1 | . . . . . . . . . . 1 . . . Corruption 1 | . . . . . . . . . . 1 . . . Feedback Blocked 2 | . . . . . . . . . . . 2 . . Robot Schematics Acquired 2 | . . . . . . . . . . 1 . . 1 Robots Built 1 | . . . . . . . . . . . 1 . . Authchips . | . . . . . . . . . . . . . . Time 62 | . . . . . . . . . . . 62 . . Total Robot Build Rating 7 | . . . . . . . . . . . 7 . . Part Schematics Acquired 9 | . . . . . . 1 . . . 2 . . 6 Parts Built 2 | . . . . . . 2 . . . . . . . Authchips . | . . . . . . . . . . . . . . Time 31 | . . . . . . 31 . . . . . . . Total Part Build Rating 10 | . . . . . . 10 . . . . . . . Parts Repaired 4 | . . . . . 1 1 . . . 2 . . . Time 110 | . . . . . 38 26 . . . 46 . . . Parts Recycled . | . . . . . . . . . . . . . . Recycled Matter . | . . . . . . . . . . . . . . Retrieved Matter . | . . . . . . . . . . . . . . Retrieved Components . | . . . . . . . . . . . . . . Parts Scanalyzed 2 | . . . . . . . . . . . . . 2 Part Schematics Acquired 2 | . . . . . . . . . . . . . 2 Parts Damaged . | . . . . . . . . . . . . . . Bothacking | -11 -10 -10 -9 -9 -8 -7 -6 -6 -5 -4 -3 -2 -2 ------------ Run | Scr Mat Min Mat Min Mat Fac Fac DSF Fac Fac Res Res Tes Used RIF Installer . | . . . . . . . . . . . . . . Robots Hacked 3 | . . . . . . . . . . 3 . . . Non-combat 3 | . . . . . . . . . . 3 . . . Combat . | . . . . . . . . . . . . . . Robot Hacks Applied 3 | . . . . . . . . . . 3 . . . parse_system 1 | . . . . . . . . . . 1 . . . no_distress 1 | . . . . . . . . . . 1 . . . check_alert 1 | . . . . . . . . . . 1 . . . Relay Couplers Released 7 | . . . . . . . . . . . 4 3 . Machine Destruction 3 | . . . . . . . . . . . . 3 . Programmers 4 | . . . . . . . . . . . 4 . . Fabnet Peak Effective % . | . . . . . . . . . . . . . . Robots Rewired . | . . . . . . . . . . . . . . Allies Hacked . | . . . . . . . . . . . . . . Hacks Repelled . | . . . . . . . . . . . . . . Allies | -11 -10 -10 -9 -9 -8 -7 -6 -6 -5 -4 -3 -2 -2 -------- Run | Scr Mat Min Mat Min Mat Fac Fac DSF Fac Fac Res Res Tes Total Allies 4 | . . . . 3 . . . . . . 1 . . Largest Group 3 | . . . . 3 3 . . . . . 1 . . Highest-Rated Group 93 | . . . . 40 40 . . . . . 93 . . Highest-Rated Ally 93 | . . . . 16 16 . . . . . 93 . . Total Orders . | . . . . . . . . . . . . . . Ally Attacks 21 | . . . . . 21 . . . . . . . . Total Damage 639 | . . . . . 222 . . . . . 417 . . Kills 7 | . . . . . 4 . . . . . 3 . . Allies Corrupted . | . . . . . . . . . . . . . . Allies Melted . | . . . . . . . . . . . . . . Intel | -11 -10 -10 -9 -9 -8 -7 -6 -6 -5 -4 -3 -2 -2 ------- Run | Scr Mat Min Mat Min Mat Fac Fac DSF Fac Fac Res Res Tes Robot Analysis Total 4 | . . . . . 1 2 . . . 1 . . . Derelict Logs Recovered . | . . . . . . . . . . . . . . Drone Launches . | . . . . . . . . . . . . . . Drone Recoveries . | . . . . . . . . . . . . . . Exploration | -11 -10 -10 -9 -9 -8 -7 -6 -6 -5 -4 -3 -2 -2 ------------- Run | Scr Mat Min Mat Min Mat Fac Fac DSF Fac Fac Res Res Tes Turns Passed 16775 | 77 1701 29 598 122 2115 5935 427 301 364 2173 843 904 1186 Spaces Moved 8679 | 53 816 12 235 65 1266 3395 282 115 216 995 402 395 432 Core 43 | 11 . . . . . . . . . . . . 32 Treads 3309 | . . . . . . 504 282 115 216 995 402 395 400 Legs 1920 | 42 816 12 235 65 150 600 . . . . . . . Wheels . | . . . . . . . . . . . . . . Hover 3407 | . . . . . 1116 2291 . . . . . . . Flight . | . . . . . . . . . . . . . . Fastest Speed 50 | 50 120 260 190 190 108 98 145 145 150 152 157 158 50 Average Speed 156 | 116 194 260 190 190 122 155 147 145 155 157 160 171 153 Slowest Speed 540 | 200 260 260 190 190 420 540 225 145 225 161 161 250 250 Overloaded Moves . | . . . . . . . . . . . . . . Propulsion Burnouts . | . . . . . . . . . . . . . . Robots Hopped . | . . . . . . . . . . . . . . Cave-ins Triggered . | . . . . . . . . . . . . . . Exploration Rate (%) 30 | 4 95 8 17 18 92 53 7 70 4 17 13 8 26 Regions Visited 13 Branch Regions 3 Pre-discovered Areas . | . . . . . . . . . . . . . . Known Exits Taken 12 | 1 1 1 1 1 1 1 1 . 1 1 1 1 . Unknown Exits Taken . | . . . . . . . . . . . . . . Scrap Searched . | . . . . . . . . . . . . . . Spaces Dug 10 | . . . . . . 9 . . . . 1 . . Terrain Destroyed 147 | . . . . . 1 37 . 1 . 12 8 7 81 Melee . | . . . . . . . . . . . . . . Projectile 86 | . . . . . 1 37 . . . 12 7 7 22 AOE 42 | . . . . . . . . . . . . . 42 Terrain Rammed . | . . . . . . . . . . . . . . Walls Destroyed . | . . . . . . . . . . . . . . Machines Disabled . | . . . . . . . . . . . . . . Actions | -11 -10 -10 -9 -9 -8 -7 -6 -6 -5 -4 -3 -2 -2 --------- Run | Scr Mat Min Mat Min Mat Fac Fac DSF Fac Fac Res Res Tes Total 10442 | 64 901 11 301 64 1553 3730 291 185 244 1343 496 510 749 Wait 512 | . 45 . 19 . 64 81 . 9 18 150 1 15 110 Move 8666 | 52 815 11 234 64 1265 3394 281 114 215 994 401 394 432 Hop . | . . . . . . . . . . . . . . Pick Up 83 | 5 8 . 3 . 18 9 2 6 . 4 9 7 12 Fast Attach 81 | 7 3 . . . 16 15 4 . 2 8 5 13 8 Attach 86 | . 1 . 2 . 15 15 2 1 3 14 7 9 17 Detach 34 | . 2 . . . 9 9 . . 3 . 5 4 2 Swap 53 | . 3 . . . 11 7 1 5 1 9 3 2 11 Drop 69 | . 7 . . . 14 12 1 7 2 11 1 2 12 Fire 687 | . 17 . 43 . 139 178 . 43 . 82 54 57 74 Melee 106 | . . . . . 2 . . . . 71 . . 33 Ram 12 | . . . . . . 10 . . . . . . 2 Kick . | . . . . . . . . . . . . . . Crush 22 | . . . . . . . . . . . 10 7 5 Escape Stasis 31 | . . . . . . . . . . . . . 31 Rewire . | . . . . . . . . . . . . . . Trap . | . . . . . . . . . . . . . . Miscellaneous . | . . . . . . . . . . . . . . Route ------- -11/Scrapyard -10/Materials (discovered 4 exits: *Mat x3 / *Min) -10/Mines -9/Materials (discovered 3 exits: *Min / *Sto x2) -9/Mines (discovered 2 exits: *Mat / *Exi) -8/Materials (discovered 3 exits: *Fac x3) -7/Factory (discovered 5 exits: *Fac x3 / Low x2) -6/Factory -6/DSF -5/Factory -4/Factory (discovered 4 exits: *Res / Upp x2 / Arm) -3/Research -2/Research -2/Testing History --------- Turn | Location | Event 10 | -11/Scrapyard | Identified exit to Materials 10 | -11/Scrapyard | Discovered exit to Materials (range 15) 78 | -11/Scrapyard | Entered Materials 78 | -10/Materials | Evolved 1 slot: Power x1 258 | -10/Materials | Identified exit to Materials 258 | -10/Materials | Discovered exit to Materials (range 17) 313 | -10/Materials | Build established: Hacker-Mutant 765 | -10/Materials | Discovered exit to Materials (range 3) 989 | -10/Materials | Identified exit to Mines 1036 | -10/Materials | Discovered exit to Materials (range 4) 1779 | -10/Materials | Entered Mines 1790 | -10/Mines | Discovered exit to Materials (range 9) 1797 | -10/Mines | Received a Rocket Launcher from a helpful Derelict 1808 | -10/Mines | Entered Materials 1808 | -9/Materials | Evolved 2 slots: Propulsion x2 1860 | -9/Materials | Identified exit to Storage 1860 | -9/Materials | Discovered exit to Storage (range 13) 2280 | -9/Materials | Discovered exit to Storage (range 10) 2306 | -9/Materials | Identified exit to Mines 2306 | -9/Materials | Discovered exit to Mines (range 8) 2406 | -9/Materials | Entered Mines 2420 | -9/Mines | Deemed a non-threat by the Exiles lab entrance 2420 | -9/Mines | Identified exit to Exiles 2420 | -9/Mines | Discovered exit to Exiles (range 5) 2460 | -9/Mines | Identified exit to Materials 2460 | -9/Mines | Discovered exit to Materials (range 8) 2507 | -9/Mines | Assisted by bots powering up and referring to "LRC-V3" 2528 | -9/Mines | Entered Materials 2528 | -8/Materials | Accompanied by 3 allies 2528 | -8/Materials | Evolved 2 slots: Utility x2 3145 | -8/Materials | Identified exit to Factory 3145 | -8/Materials | Discovered exit to Factory (range 16) 3190 | -8/Materials | Garrison activated, responded to threat 3608 | -8/Materials | Discovered exit to Factory (range 5) 4123 | -8/Materials | Discovered exit to Factory (range 10) 4547 | -8/Materials | Repaired Lgt. Nuclear Core 4643 | -8/Materials | Entered Factory 4643 | -7/Factory | Evolved 2 slots: Utility x2 5367 | -7/Factory | Identified exit to Factory 5367 | -7/Factory | Discovered exit to Factory (range 13) 6984 | -7/Factory | Discovered exit to Factory (range 7) 8053 | -7/Factory | Repaired Utility Shielding 8926 | -7/Factory | Lost 3 parts (1n1u1w) 9098 | -7/Factory | Lost 3 parts (1p2n) 9236 | -7/Factory | Garrison activated, responded to threat 9428 | -7/Factory | Identified exit to Lower Caves 10043 | -7/Factory | Core integrity fell below 50% 10286 | -7/Factory | Fabricated Hyp. Gauss Rifle (x2) 10556 | -7/Factory | Discovered exit to Factory (range 5) 10578 | -7/Factory | Entered another Factory area 10578 | -6/Factory | Evolved 2 slots: Utility x2 11004 | -6/Factory | Identified exit to DSF 11005 | -6/Factory | Entered DSF 11034 | -6/DSF | Additional patrols routed to DSF 11196 | -6/DSF | Sterilization system engaged 11216 | -6/DSF | Ambient heat levels rising (+10) 11224 | -6/DSF | Identified exit to Factory 11224 | -6/DSF | Discovered exit to Factory (range 16) 11231 | -6/DSF | Ambient heat levels rising (+10) 11246 | -6/DSF | Ambient heat levels rising (+10) 11261 | -6/DSF | Ambient heat levels rising (+10) 11276 | -6/DSF | Ambient heat levels rising (+10) 11291 | -6/DSF | Ambient heat levels rising (+10) 11306 | -6/DSF | Ambient heat levels rising (+10) 11306 | -6/DSF | Entered Factory 11306 | -5/Factory | Evolved 2 slots: Weapon x2 11547 | -5/Factory | Build established: Hacker-Tank 11611 | -5/Factory | Identified exit to Factory 11611 | -5/Factory | Discovered exit to Factory (range 12) 11670 | -5/Factory | Entered another Factory area 11670 | -4/Factory | Evolved 2 slots: Propulsion x2 12065 | -4/Factory | Repaired Cryofiber Web 12092 | -4/Factory | Identified exit to Upper Caves 12092 | -4/Factory | Identified exit to Armory 12355 | -4/Factory | Repaired Utility Shielding 12704 | -4/Factory | Build established: Hacker-Mutant 13006 | -4/Factory | Build established: Hacker-Gunner 13110 | -4/Factory | Lost 4 parts (1n3w) 13601 | -4/Factory | Lost 3 parts (1n2w) 13795 | -4/Factory | Identified exit to Research 13795 | -4/Factory | Discovered exit to Research (range 16) 13843 | -4/Factory | Entered Research 13843 | -3/Research | Evolved 2 slots: Utility x2 13997 | -3/Research | Fabricated A-27 Freighter? 14463 | -3/Research | Lost 3 parts (2n1w) 14467 | -3/Research | Destroyed 7 combat bots 14593 | -3/Research | First assault squad dispatched 14643 | -3/Research | Destroyed 10 combat bots 14654 | -3/Research | Identified exit to Research 14654 | -3/Research | Discovered exit to Research (range 15) 14686 | -3/Research | Entered another Research area 14686 | -2/Research | Evolved 2 slots: Power x2 15078 | -2/Research | Garrison activated, responded to threat 15178 | -2/Research | Destroyed 10 combat bots 15186 | -2/Research | Lost 9 parts (2p2n3u2w) 15498 | -2/Research | Identified exit to Testing 15498 | -2/Research | Discovered exit to Testing (range 8) 15560 | -2/Research | Found Prototype Processor 15561 | -2/Research | Identified Exp. Target Analyzer 15590 | -2/Research | Entered Testing 16009 | -2/Testing | Build established: Generator-Skirmisher 16026 | -2/Testing | Lost 5 parts (1p3u1w) 16263 | -2/Testing | Found Prototype Ballistic Cannon 16279 | -2/Testing | Identified Perforator 16307 | -2/Testing | Spotted Striker 16307 | -2/Testing | Spotted Striker 16313 | -2/Testing | Destroyed Striker 16313 | -2/Testing | Destroyed Striker 16315 | -2/Testing | Spotted Alpha 7 16349 | -2/Testing | Scanned by Researcher 16381 | -2/Testing | First assault squad dispatched 16395 | -2/Testing | System corruption reached 10% 16590 | -2/Testing | Lost 7 parts (2p3u2w) 16600 | -2/Testing | Destroyed 15 combat bots 16706 | -2/Testing | System corruption reached 30% 16713 | -2/Testing | Core integrity fell below 50% 16747 | -2/Testing | Core integrity fell below 20% 16769 | -2/Testing | Lost 21 parts (4p4n8u5w) 16776 | -2/Testing | Destroyed by G-73 Enforcer with Heavy Laser Last Messages --------------- 16738_ Held in stasis. 16738_ C-65 Expert is analyzing... 16739_ K-01 Serf collects debris. 16742_ Knocked back. 16742_ K-01 Serf collects debris. 16742_ Acquired 14 matter. 16743_ Held in stasis. 16746_ Knocked back. 16747_ System corrupted: Matter fused (-6). 16748_ K-01 Serf collects debris. 16753_ Acquired 22 matter. 16759_ Held in stasis. 16759_ C-65 Expert is analyzing... 16763_ System corrupted: Matter fused (-6). 16764_ Held in stasis. 16768_ C-65 Expert is analyzing... 16771_ Slammed into Q773-k. 16772_ Destabilizing: Core damaged (-29). 16772_ Held in stasis. 16774_ Q773-k follow-up attacks with Prototype Impact Weapon. Map ----- +----------------------------------------------------+ | ????#?????#?# = = %## ] ##?#?#??# | | ??#?????????# = #####"/#!"#""#"#??# | | ?????#???#### [!"=!=!= %%*! !=%=!#? | | ?????#????#?# ! #/%==] [[%== [=[*#? | | ??????#???### ] [%#=]####"##########? | | ?#???##?##?## =!/[]###?# ##?##??### | | ????#?#?#???# % [# #?#??###??#??## | | ????#????#??###########% #??#???????#??# | | ??#??#?#????## #####% ############### | | ??????????#??# " % # | | ????#??#?##?## + | | ?###??##??#??# %% #####+############## # | | ??#??#???#???##%g## ###?#?# # | | ??????#????#??# Q## #?#???# # | | ???????#?#??###![## """"" #?#?#?# # | | ???????##??####!=## """"" ##???## ## | | ????#?#????#?##cg## """"" ##??#?# ## | | ??##????? ?##[%##################### ## | | ??#?##?##"""###[[####### ##### ## ## | | ????#??#" T#?#gg=% #?##" [## ## | | ??###??# ####=!% ####" =!%#!## | | ???#???# ##![!####### % = #! | | ##?#??##T =%!####??## ##=#!# | | ?#?###?# 7 #?#??# % ####+## | | #????#########;* ;##???## " "[ =![! | | ????#??#???#?#=%@%#?#??## R"# = ! | | ???#???#???#?#[!!Q#?##### """" | | #???##?#????###c!;####??# # | | ?????#????#??#!!==%###?## + | | ??????#?###?##;!/!# ##??#+######### | | ?###??#?#######%=####???# #??# ! | | ?????#????#"""=|*!!%###?#" ""##?# | | ??????????#""=|[!!=[#?#?#" """#??####### | | ?##?#???###"!=[!==[#######=" ""#?#??????# | | ????#?#?#?#"&[[|![!##??#?# " ""#????#???# | | ???#???#??#"""!"!* #??######"""#?#??????? | | ?????##???#""""""!"#??#??????####???????? | | ??##?###??###########???#?#????#???#???#? | | ??????#????####?##?#???#??#??#??#???????# | | ##?#???????#???????##?###??????###???#?#? | | #???????#??????????????##??????##?????#?# | | #???#????##?#????###????##??????????????? | | #??#???????????#?????#??#???#????#??????? | | ????????#??????????#?#??###??#????#?????? | | ??#??#???#?#???????#?????????????#??????? | | ??#???????????#?#??????#??##??????????#?? | | ????????###??#??##?????##???????????????? | | ?????#?????#?????#????#???#?????????????? | | | | | +----------------------------------------------------+ Best States ------------- Heat Dissipation 71 Coolant Potential 100 Energy Generation 96 Energy Capacity 1305 Matter Stores 450 Matter Capacity 450 Sight Range 16 Robot Scan Range 18 Terrain Scan Range 20 Terrain Scan Density 210 Jamming Range 14 Power Amplification 30 Additional Mass Support 20 Base Temperature (-) 200 Armor Coverage 150 Resistance: KI 35 Resistance: TH 35 Resistance: EX 35 Resistance: EM 35 Resistance: I 35 Resistance: S 35 Resistance: P 35 Power Shielding 33 Propulsion Shielding 66 Utility Shielding 90 Weapon Shielding 66 Weapon Cycling 30 Evasion (%) 55 Target Analysis 6 Recoil Reduction 6 Kinecelleration 30 Offensive Hacking 20 Defensive Hacking 14 Item Schematics ----------------- Hyp. Gauss Rifle | -7/Factory | Hacked Adv. Coolant Injector | -4/Factory | Hacked Adv. Heavy Siege Treads | -4/Factory | Hacked Cooling System | -2/Testing | Scanalyzed Hyp. Railgun | -2/Testing | Scanalyzed Graviton Cannon | -2/Testing | Archive Adv. Remote Shield | -2/Testing | Archive Quantum Shading Machine | -2/Testing | Archive Ragnarok Missile Launcher | -2/Testing | Archive Robot Schematics ------------------ A-27 Freighter | -4/Factory | Hacked T-07 Excavator | -2/Testing | Archive Fabricated ------------ Hyp. Gauss Rifle | x2 | -7/Factory A-27 Freighter | x1 | -3/Research Alien Tech Used ----------------- None Achievements -------------- None Challenges ------------ None Game ------ Seed SmartbombAssaultNukerbomber Manual? 0 Play Time 02:32:55 Cumulative 1063.6 hours Start 2022.04.07 @ 07:05:43 End 2022.04.07 @ 18:12:40 Sessions 5 Manual Loads 0 Difficulty Explorer Special Mode None Game No. 774 Rogue 62 Adventurer 0 Explorer 712 Win Type - Total 4 Types 4/0/0/0/0/0/0/0/0 Lore% 69 Gallery% 78 Achievement% 60 Wizard Run 0 Options --------- ASCII 0 Keyboard 0 Movement Mouse Keybinds 0 Fullscreen 1 Font 24/Smallcaps Map View 76x50 Tactical HUD 1 Map Filters NONE Filters NONE Steam 1 RUN: 318125d1-cf4a-4180-bf4b-fd491e56658b